 Dungeon Crawl Stone Soup version 0.28-a0-1435-g82390b3a13 (webtiles) character file.

Game seed: 12507837731703233515

66 atmmm the Ruffian (level 3, -2/33 HPs)
             Began as a Minotaur Monk on Jan 9, 2022.
             Killed from afar by Sigmund (8 damage)
             ... with a magic dart
             ... on level 3 of the Dungeon.
             The game lasted 00:03:47 (2415 turns).

atmmm the Ruffian (Minotaur Monk)                   Turns: 2415, Time: 00:03:48

Health: -2/33      AC:  2    Str: 15    XL:     3   Next: 96%
Magic:  2/2        EV: 13    Int:  7    God:
Gold:   67         SH:  0    Dex: 14    Spells: 2/2 levels left

rFire   . . .      SeeInvis .     - Unarmed
rCold   . . .      Faith    .   (no shield)
rNeg    . . .      Spirit   .   a - +0 robe
rPois   .          Reflect  .   (helmet restricted)
rElec   .          Harm     .   (no cloak)
rCorr   .          Rampage  .   (no gloves)
Will    .....                   (no boots)
Stlth   ++........              (no amulet)
HPRegen 0.11/turn               (no ring)
MPRegen 0.08/turn               (no ring)

@: no status effects
A: horns 2, retaliatory headbutt
a: no special abilities


You were on level 3 of the Dungeon.
You visited 1 branch of the dungeon, and saw 3 of its levels.

You collected 67 gold pieces.

Inventory:

Armour
 a - a +0 robe (worn)
Scrolls
 c - a scroll of teleportation {unknown}
 d - 2 scrolls of identify {unknown}
 e - a scroll of summoning {unknown}
 g - a scroll of enchant weapon {unknown}
Potions
 b - a potion of degeneration {unknown}
 f - a potion of ambrosia {unknown}
 h - a potion of lignification {unknown}


   Skills:
 + Level 3.9 Fighting
 - Level 3.2 Dodging
 - Level 2.0 Stealth
 - Level 5.0 Unarmed Combat


You had 2 spell levels left.
You didn't know any spells.
Your spell library contained the following spells:

 Spells                   Type           Power      Damage    Failure   Level
 Slow                     Hex            0%         N/A       43%         1


Dungeon Overview and Level Annotations

Branches:
Dungeon (3/15)

Altars:
Fedhas

Annotations:
D:3 Sigmund


Innate Abilities, Weirdness & Mutations

You have a pair of horns on your head.
You reflexively headbutt those who attack you in melee.


Message History

You kill the hobgoblin!
Sigmund gestures at you while chanting. The magic dart hits you!
You hit Sigmund.
Sigmund is lightly wounded.
Sigmund misses you.
You barely miss Sigmund. You headbutt Sigmund.
Sigmund is moderately wounded.
Sigmund completely misses you.
You completely miss Sigmund.
Sigmund is moderately wounded.
You hit Sigmund. You headbutt Sigmund.
Sigmund is heavily wounded.
Sigmund points at you and mumbles some strange words.
You are confused.
You hit Sigmund. Your headbutt misses Sigmund.
Sigmund is severely wounded.
Sigmund barely misses you. Sigmund casts a spell at you.
The puff of flame hits you!
Unknown command.
Okay, then.
Sigmund hits you from afar with a +0 scythe.
Sigmund completely misses you.
You closely miss Sigmund. Your headbutt misses Sigmund.
Sigmund is severely wounded.
Sigmund barely misses you.
You bump into the rock wall.
You feel less confused.
Sigmund giggles. "Time to reap what you sow."
Sigmund gestures wildly while chanting.
Sigmund flickers and vanishes!
Deactivating autopickup; reactivate with Ctrl-A.
You miss something. Something hits you!
* * * LOW HITPOINT WARNING * * *
You hear some strange, mumbled words.
Something tries to affect you, but you resist.
A magic dart appears from out of thin air!
The magic dart hits you!
You die...

#.######.####
#.....#.....
######....#.#.#
........{.....#
......#####{###
...... #.).#
####. #...# #.
#...# # #@..#
#...# #...#
#...# #...+
#...# #####


There were no monsters in sight!

Vanquished Creatures
  An adder (D:2)
  2 worms (D:2)
  2 dart slugs (D:2)
  3 ball pythons
  4 bats
  3 endoplasms
  A giant cockroach (D:1)
  4 goblins
  6 hobgoblins
  4 jackals (D:1)
  2 quokkas (D:1)
  2 frilled lizards (D:1)
  4 kobolds (D:1)
  6 rats
44 creatures vanquished.

Notes
Turn   | Place    | Note
-------+----------+-------------------------------------------
     0 | D:1      | atmmm the Minotaur Monk began the quest for the Orb.
     0 | D:1      | Reached XP level 1. HP: 19/19 MP: 0/0
   107 | D:1      | Found a faded altar of an unknown god.
   121 | D:1      | Reached XP level 2. HP: 11/26 MP: 1/1
   315 | D:1      | Got Plato's Papyrus of Beguiling
   425 | D:1      | Reached skill level 4 in Unarmed Combat
   896 | D:1      | Reached XP level 3. HP: 27/31 MP: 2/2
  1356 | D:2      | Found a blossoming altar of Fedhas.
  1618 | D:2      | Reached skill level 5 in Unarmed Combat
  2391 | D:3      | Noticed Sigmund
  2415 | D:3      | Killed from afar by Sigmund

Illustrated notes

Levels and vault maps discovered:
D:1:      lightli_arrival_maybe_door_vault, layout_basic,
          shapermc_ecumenical_altar_rom_forum
D:2:      layout_loops_ring, basic_altar, serial_forest,
          infiniplex_forest_straight_2, infiniplex_forest_clump_double,
          infiniplex_forest_lined_ring, infiniplex_forest_straight_3,
          infiniplex_forest_join, infiniplex_forest_fountain,
          infiniplex_forest_clump_double, infiniplex_forest_lined_corner,
          infiniplex_forest_lined_corner
D:3:      layout_basic, nicolae_yredelemnul_ghost_church, tgw_fedhas,
          nicolae_qazlal_scattered_showers, kennysheep_generic_room_12,
          uniq_crazy_yiuf_cottage, uniq_sigmund

Skill      XL: |  1  2  3 |
---------------+----------+-----
Unarmed Combat | 4 5 |  5.0
Stealth        | 2 |  2.0
Fighting       | |  3.9
Dodging        | |  3.2

Action                   || total
-------------------------++-------
Melee: Unarmed           ||   116
       Headbutt          ||    13
       Punch             ||     2
 Stab: Sleeping          ||     5
Armor: Robe              ||    20
Dodge: Dodged            ||    67

Table legend: (Time is in decaauts)
 A = Elapsed time spent in this place.
 B = Non-inter-level travel time spent in this place.
 C = Inter-level travel time spent in this place.
 D = Time resting spent in this place.
 E = Time spent auto-exploring this place.
 F = Levels seen in this place.
 G = Mean time per level.
                   A        B        C        D        E       F      G
               +--------+--------+--------+--------+--------+-----+--------+
         Total |   2405 |   2352 |     53 |    424 |   1586 |   3 |  801.7 |
       Dungeon |   2405 |   2352 |     53 |    424 |   1586 |   3 |  801.7 |
               +--------+--------+--------+--------+--------+-----+--------+

Top non-repeatable levels by time:
     D:2: 1239 daAuts
     D:1: 1134 daAuts
     D:3: 31 daAuts
